 Dungeon Crawl Stone Soup version 0.32-a0-656-g3542139ebd (webtiles) character file.

Game seed: 10117676814318405389

863 Goblin1989 the Sneak (level 7, -4/52 HPs)
             Began as a Demonspawn Delver on Mar 8, 2024.
             Succumbed to a kobold brigand's curare-tipped dart
             ... on level 4 of the Dungeon.
             The game lasted 00:10:18 (3199 turns).

Goblin1989 the Sneak (Demonspawn Delver)            Turns: 3199, Time: 00:10:19

Health: -4/52      AC:  4    Str: 12    XL:     7   Next: 72%
Magic:  7/7        EV: 12    Int: 12    God:
Gold:   230        SH:  5    Dex: 17    Spells: 6/6 levels left

rFire   . . .        k - +11 short sword of Imminent Death {freeze, Int+2}
rCold   . . .        (no shield)
rNeg    . . .        b - +0 leather armour
rPois   .            (helmet restricted)
rElec   .            (no cloak)
rCorr   .            (no gloves)
SInv    .            q - +0 pair of boots
Will    .....        t - amulet of reflection
Stlth   +++          (no ring)
HPRegen 0.28/turn    (no ring)
MPRegen 0.10/turn

%: reflection
@: lethally poisoned (-4 -> -39), slowed, very slow
A: antennae 1, demonic guardian 1, powered by death 1
a: no special abilities


You were on level 4 of the Dungeon.
You visited 1 branch of the dungeon, and saw 5 of its levels.

You collected 230 gold pieces.

Inventory:

Hand Weapons
 k - the +11 short sword of Imminent Death (weapon) {freeze, Int+2}
   (You found it on level 2 of the Dungeon)

   Int+2:     It affects your intelligence (+2).
 o - a +0 rapier
Missiles
 l - 3 javelins (quivered) {@Q3}
 n - 27 stones
Armour
 b - a +0 leather armour (worn)
 q - a +0 pair of boots (worn)
Jewellery
 t - an amulet of reflection (around neck)
 x - a +6 ring of intelligence
Wands
 g - a wand of digging (3) {@v3}
Scrolls
 c - a scroll of fog
 d - 4 scrolls of revelation
 e - a scroll of fear
 j - 2 scrolls of teleportation {unknown}
 p - 6 scrolls of identify {unknown}
 u - a scroll of poison {unknown}
 v - a scroll of amnesia {unknown}
 w - a scroll of enchant armour {unknown}
 y - a scroll of acquirement {unknown}
 z - a scroll of immolation {unknown}
Potions
 f - 6 potions of haste {@q3,}
 h - a potion of mutation {unknown}
 i - a potion of might {unknown}
 m - a potion of curing {unknown}
 r - a potion of ambrosia {unknown}
 s - a potion of magic {unknown}


   Skills:
 - Level 3.0 Fighting
 * Level 6.6 Short Blades
 - Level 1.7 Dodging
 - Level 7.0 Stealth


You had 6 spell levels left.
You didn't know any spells.
Your spell library contained the following spells:

 Spells                   Type           Power      Damage    Failure   Level
 Magic Dart               Conj           0%         1d3       38%         1
 Blink                    Tloc           0%         N/A       54%         2
 Call Imp                 Summ           0%         N/A       54%         2


Dungeon Overview and Level Annotations

Branches:
Dungeon (5/15) Zot: 24244
 Temple: D:4-7

Altars:
Kikubaaqudgha
Trog
Xom

Annotations:
D:2 Sigmund
D:3 2 transporters, fpsbossfight's ghost, amateur MiFi


Innate Abilities, Weirdness & Mutations

You have a pair of small antennae on your head.
A weak demonic guardian rushes to your aid.
You regenerate a little health from kills.


Message History

An orc comes into view. It is wielding a +0 hand axe.
The orc shouts!
You hit the orc. You freeze the orc.
You kill the orc!
No target in view!
No target in view!
No target in view!
No target in view!
No target in view!
No target in view!
No target in view!
No target in view!
No target in view!
No target in view!
No target in view!
No target in view!
No target in view!
No target in view!
No target in view!
No target in view!
No target in view!
No target in view!
No target in view!
No target in view!
No target in view!
No target in view!
Things that are here:
a +0 hand axe; a +0 leather armour; an orc corpse Done exploring.
Done exploring.
Done exploring.
There is a stone staircase leading down here.
You climb downwards.
You hear the sound of rushing water.
There is an entrance to a sewer on this level.
Hurry and find it before the portal rusts away!
The walls and floor vibrate strangely for a moment.
There is a stone staircase leading up here.
The helpless quokka fails to defend itself.
You stick the quokka like a pincushion!!!
You freeze the quokka.
You kill the quokka!
A kobold comes into view. It is wielding a +0 dagger.
You block the adder's attack. The adder bites you.
You take 1 damage, and have 51/52 hp.
You puncture the adder! You freeze the adder.
You kill the adder!
A kobold comes into view. It is wielding a +0 short sword.
You hit the quokka. You freeze the quokka.
You kill the quokka!
Health restored: 52 A kobold brigand and a kobold come into view.
The kobold brigand is wielding a +0 short sword and quivering curare-tipped darts.
Found 7 stones.
The kobold shouts!
You hear a shout!
A kobold comes into view. It is wielding a +0 dagger.
The kobold brigand shouts!
The kobold brigand throws a curare-tipped dart.
The curare-tipped dart closely misses you.
The kobold attacks as it pursues you! You block the kobold's attack.
The kobold attacks as it pursues you! You block the kobold's attack.
The kobold attacks as it pursues you! The kobold misses you.
The kobold attacks as it pursues you! The kobold misses you.
The kobold brigand throws a curare-tipped dart.
The curare-tipped dart hits you.
You are poisoned.
You have difficulty breathing.
You feel yourself slow down.
There is a stone staircase leading up here.
You take 5 damage, and have 47/52 hp.
You hit the kobold. You freeze the kobold.
You kill the kobold!
You feel very sick.
The kobold brigand throws a curare-tipped dart.
The curare-tipped dart hits you.
You are more poisoned.
You have difficulty breathing.
You feel as though you will be slow longer.
You take 11 damage, and have 36/52 hp.
MASSIVE DAMAGE!!
You closely miss the kobold.
You feel extremely sick. The kobold misses you.
The kobold brigand throws a curare-tipped dart.
The curare-tipped dart hits you.
You are more poisoned.
You have difficulty breathing.
You feel as though you will be slow longer.
You take 9 damage, and have 27/52 hp.
You are too injured to fight recklessly!
Okay, then.
* * * LOW HITPOINT WARNING * * *
You feel extremely sick. The kobold hits you but does no damage.
The kobold brigand throws a curare-tipped dart.
The curare-tipped dart hits you.
You are more poisoned.
You have difficulty breathing.
* * * LOW HITPOINT WARNING * * *
A demonic guardian appears!
You feel as though you will be slow longer.
You climb upwards.
You die...

█.≈.§...≈.≈......█......<█
█.≈.≈§≈≈≈.≈.█.██.█.......█
███.≈....)..≈......█.██.██.█
█...≈.≈≈≈≈≈≈≈..███.█.██.██.█
█..............█ █......██.█
█.██████..████.███.█.██.██.█
█.█ █.██ █.............█
████.██████.███████████........
█.............@K█ ██.█.█...
█.█.█.██..█████.█ █.█.....
███.█.█.██..█████.█ █.█.█...
..█.█†█........██.█ █.█.██.█
....█.████..██.██.█ █......█
█.███.......██.██.█ ██...███
█.█ ███████.......█ █..[█ █ █.█
█████████.████ █...█ █ █.█
█.......<..█ █████...███


You could see a kobold.

Vanquished Creatures
  Grinder (D:4)
  Menkaure (D:4)
  2 scorpions (D:4)
  2 bombardier beetles (D:3)
  4 hounds (D:4)
  Natasha (D:2)
  An iguana (D:3)
  4 gnolls (D:4)
  7 adders
  2 ribbon worms (D:2)
  2 dart slugs
  9 orcs
  2 ball pythons
  3 bats
  6 endoplasms
  2 giant cockroaches
  6 goblins
  7 hobgoblins
  2 jackals (D:3)
  7 quokkas
  2 frilled lizards
  8 kobolds
  5 rats
86 creatures vanquished.

Notes
Turn   | Place    | Note
-------+----------+-------------------------------------------
     0 | D:5      | Goblin1989 the Demonspawn Delver began the quest for the
                  | Orb.
     0 | D:5      | Reached XP level 1. HP: 18/18 MP: 1/1
     9 | D:4      | Noticed Grinder
    94 | D:2      | Found an ancient bone altar of Kikubaaqudgha.
    98 | D:2      | Noticed Sigmund
   117 | D:2      | Identified the +11 short sword of Imminent Death {freeze,
                  | Int+2}
   269 | D:2      | Gained mutation: A weak demonic guardian rushes to your
                  | aid. [demonic ancestry]
   269 | D:2      | Reached XP level 2. HP: 24/24 MP: 2/2
   320 | D:2      | Reached skill level 5 in Stealth
   739 | D:1      | Reached XP level 3. HP: 29/29 MP: 3/3
  1212 | D:2      | Noticed Natasha
  1216 | D:2      | Killed Natasha
  1217 | D:2      | Reached skill level 6 in Stealth
  1440 | D:2      | Gained mutation: You have a pair of small antennae on your
                  | head. [demonic ancestry]
  1440 | D:2      | Reached XP level 4. HP: 35/35 MP: 4/4
  1729 | D:3      | Gained mutation: You regenerate a little health from kills.
                  | [demonic ancestry]
  1729 | D:3      | Reached XP level 5. HP: 41/41 MP: 5/5
  1736 | D:3      | Found a faded altar of an unknown god.
  1804 | D:3      | Reached skill level 7 in Stealth
  1951 | D:3      | Found a transporter.
  1963 | D:3      | Noticed fpsbossfight's ghost (amateur MiFi)
  1968 | D:3      | Found a transporter.
  2243 | D:4      | Found a bloodstained altar of Trog.
  2271 | D:4      | Reached XP level 6. HP: 44/47 MP: 6/6
  2437 | D:4      | Killed Grinder
  2438 | D:4      | Reached skill level 5 in Short Blades
  2438 | D:4      | Reached XP level 7. HP: 33/52 MP: 7/7
  2538 | D:4      | Found an ancient bone altar of Kikubaaqudgha.
  2718 | D:4      | Found a shimmering altar of Xom.
  2883 | D:4      | Noticed Menkaure
  2933 | D:4      | Killed Menkaure
  3199 | D:4      | Succumbed to a kobold brigand's curare-tipped dart

Illustrated notes

Levels and vault maps discovered:
D:1:      matt_arrival_spirals, layout_rooms, minmay_stone_trees_medium,
          chequers_jeans, nicolae_concentric_dashed_squares_wild,
          serial_bayou_pond_d, roderic_lattice_a
D:2:      layout_basic, basic_altar, serial_bayou_crossing, uniq_sigmund,
          uniq_natasha
D:3:      layout_basic, gammafunk_ghost_arena,
          hellmonk_ecumenical_altar_inner_sanctum
D:4:      cheibrodos_quashed, layout_loops_cross, mainiacjoe_overflow_alcove_4,
          mainiacjoe_overflow_concentric_impassable,
          mainiacjoe_overflow_alcove_1, uniq_grinder, uniq_menkaure
D:5:      wad_pebble_path, layout_rooms, minmay_temple_entry_poolview,
          mainiacjoe_sewer_entry_somewhere_in_here_2, kennysheep_nondescript,
          guppyfry_early_orc_mine

Skill      XL: |  1  2  3  4  5  6  7 |
---------------+----------------------+-----
Stealth        | 5 6 7 |  7.0
Short Blades   | 3 5 6 |  6.6
Fighting       | |  3.0
Dodging        | |  1.7

Action                     |  1- 3 |  4- 6 |  7- 9 || total
---------------------------+-------+-------+-------++-------
  Melee: Short sword       |    47 |    73 |    41 ||   161
   Stab: Sleeping          |     6 |     9 |     4 ||    19
 Armour: Leather armour    |    18 |    19 |    10 ||    47
  Dodge: Dodged            |    23 |    28 |    21 ||    72
  Block: Other             |       |    11 |     8 ||    19

Table legend: (Time is in decaauts)
 A = Elapsed time spent in this place.
 B = Non-inter-level travel time spent in this place.
 C = Inter-level travel time spent in this place.
 D = Time resting spent in this place.
 E = Time spent auto-exploring this place.
 F = Levels seen in this place.
 G = Mean time per level.
                   A        B        C        D        E       F      G
               +--------+--------+--------+--------+--------+-----+--------+
         Total |   3180 |   3085 |     95 |     58 |   2066 |   5 |  636.0 |
       Dungeon |   3180 |   3085 |     95 |     58 |   2066 |   5 |  636.0 |
               +--------+--------+--------+--------+--------+-----+--------+

Top non-repeatable levels by time:
     D:4: 909 daAuts
     D:1: 782 daAuts
     D:2: 773 daAuts
     D:3: 690 daAuts
     D:5: 24 daAuts
